 Dungeon Crawl Stone Soup version 0.31-a0-1611-g890cdf5628 (webtiles) character file.

Game seed: 15367440316088290970

1806699 Drazool the Impregnable (level 27, 194/205 HPs)
             Began as a Djinni Fire Elementalist on Jan 3, 2024.
             Was the Champion of Ashenzari.
             Escaped with the Orb
             ... and 3 runes on Jan 8, 2024!
             The game lasted 06:06:20 (61644 turns).

Drazool the Impregnable (Djinni Fire Elementalist) Turns: 61644, Time: 06:06:21

Health: 194/205    AC: 38    Str: 14    XL:     27
Gold:   5873       EV: 14    Int: 40    God:    Ashenzari [******] SH:  0 Dex: 13

rFire   + + .        o - +10 battleaxe "Ruined Jealousy" {holy, Str+4 Int+3, Cun, Sorc} (curse)
rCold   . . .        (shield currently unavailable)
rNeg    + + +        i - +6 plate armour "Share My Anarchy" {Int+3, Cun, Sorc} (curse)
rPois   ∞            f - +2 helmet "Failure of Ashenzari" {Self, Fort} (curse)
rElec   +            w - +2 ratskin cloak {*Rats rPois rN+ Str-1 Int-1 Dex+1, Melee, Bglg} (curse)
rCorr   .            B - +0 pair of gloves of Ashenzari's Liberalism {Sorc, Bglg} (curse)
SInv    +            (boots unavailable)
Will    +++..        Z - amulet of Ashenzari's Annoyance {Acrobat Regen+ Str+2, Melee, Bglg} (curse)
Stlth   +            O - ring of Ashenzari's Heresy {rElec Int+6, Cun, Elem} (curse)
HPRegen 2.14/turn    n - ring "Tethered Elitism" {^Drain rC+ rN+++ Will+ Stlth+, Comp, Self} (curse)
MPRegen 0.00/turn

%: acrobat, clarity
@: flying
A: sickness immunity, fire resistance 2, cold vulnerability 1, float, innate
caster, HP casting, extra vitality 1, clumsy 1, regeneration 1
0: Orb of Zot
}: 3/15 runes: serpentine, barnacled, silver
a: Renounce Religion, Shatter the Chains


You escaped.
You worshipped Ashenzari.
Ashenzari was exalted by your worship.
You visited 10 branches of the dungeon, and saw 50 of its levels.
You also visited: Sewer, Ice Cave and Wizlab.

You collected 9005 gold pieces.
You spent 3132 gold pieces at shops.


Innate Abilities, Weirdness & Mutations

You are immune to sickness and miasma.
You are immune to poison.
Your flesh is very heat resistant. (rF++)
You are vulnerable to cold. (rC-)
You float through the air rather than walking.
You learn spells naturally, not from books.
Your magical power is your life essence.
You have superior vitality. (+4 MHP)
You are clumsy. (Dex -2)
Your natural rate of healing is unusually fast.


   Skills:
 - Level 16.5(19.9) Fighting
 - Level 12.3(15.8) Axes
 - Level 24.9(27) Armour
 + Level 23.2(27) Dodging
 - Level 11.0(15.7) Stealth
 - Level 5.5(8.0) Shields
 - Level 22.9(26.0) Spellcasting
 - Level 22.9(27) Conjurations
 - Level 22.9(27) Hexes
 - Level 22.9(25.0) Summonings
 - Level 22.9(25.0) Necromancy
 - Level 22.9(27) Translocations
 - Level 22.9(25.0) Fire Magic
 - Level 22.9(25.0) Ice Magic
 - Level 22.9(25.0) Air Magic
 - Level 22.9(25.0) Earth Magic
 - Level 22.9(27) Alchemy
 - Level 17.7 Evocations


You knew the following spells:

 Your Spells              Type           Power      Damage    Failure   Level
a - Momentum Strike       Conj/Tloc      100%       3d10      0%          2
b - Vhi's Electric Charg  Tloc/Air       100%       N/A       0%          4
c - Yara's Violent Unrav  Hex/Alch       66%        3d25      0%          5
d - Eringya's Noxious Bo  Alch           66%        4d6       0%          6
e - Ensorcelled Hibernat  Hex/Ice        100%       N/A       0%          2
f - Foxfire               Conj/Fire      100%       2x1d9     0%          1
g - Chain Lightning       Conj/Air       65%        3d87      5%          9
l - Lehudib's Crystal Sp  Conj/Erth      65%        10d15     1%          8
m - Monstrous Menagerie   Summ           64%        N/A       1%          7
n - Orb of Destruction    Conj           66%        9d16      1%          7
o - Ozocubu's Armour      Ice            100%       N/A       0%          3
r - Inner Flame           Hex/Fire       100%       N/A       0%          3
z - Shock                 Conj/Air       100%       1d9       0%          1
D - Discord               Hex            66%        N/A       1%          8
R - Death's Door          Necr           64%        N/A       9%          9
X - Scorch                Fire           100%       2d9       0%          2
Y - Volatile Blastmotes   Fire/Tloc      100%       2d18      0%          3
Z - Flame Wave            Conj/Fire      100%       2d21      0%          4
Your spell library was empty.

Inventory:

Hand Weapons
 o - the cursed +10 battleaxe "Ruined Jealousy" (weapon) {holy, Str+4 Int+3, Cun, Sorc}
   (You found it on level 2 of the Elven Halls)

   Str+4:     It affects your strength (+4).
   Int+3:     It affects your intelligence (+3).
   It has a curse which improves the following skills: Cunning: Dodging and
   Stealth.
   Sorcery:   Conjurations and Alchemy.
Missiles
 G - 4 throwing nets {=f}
 M - 7 curare-tipped darts {=f}
Armour
 f - the cursed +2 helmet "Failure of Ashenzari" (worn) {Self, Fort}
   (You found it on level 1 of the Dungeon)

   It has a curse which improves the following skills: Introspection: Fighting
   and Spellcasting.
   Fortitude: Armour and Shields.
 i - the cursed +6 plate armour "Share My Anarchy" (worn) {Int+3, Cun, Sorc}
   (You found it on level 2 of the Lair of Beasts)

   Int+3:     It affects your intelligence (+3).
   It has a curse which improves the following skills: Cunning: Dodging and
   Stealth.
   Sorcery:   Conjurations and Alchemy.
 w - the cursed +2 ratskin cloak (worn) {*Rats rPois rN+ Str-1 Int-1 Dex+1, Melee, Bglg}
   (You found it on level 1 of the Depths)

   *Rats:     When the wearer is hurt, rats may emerge from it to assist them.
   Str-1:     It affects your strength (-1).
   Int-1:     It affects your intelligence (-1).
   Dex+1:     It affects your dexterity (+1).
   rPois:     It protects you from poison rN+: It protects you from negative
   energy.
   It has a curse which improves the following skills: Melee Combat: Short
   Blades, Long Blades, Axes, Maces & Flails, Polearms, Staves and Unarmed
   Combat.
   Beguiling: Hexes and Translocations.
 B - the cursed +0 pair of gloves of Ashenzari's Liberalism (worn) {Sorc, Bglg}
   (You found it on level 9 of the Dungeon)

   It has a curse which improves the following skills: Sorcery: Conjurations and
   Alchemy.
   Beguiling: Hexes and Translocations.
 N - the +0 pair of fencer's gloves {Riposte Dex+3}
   (You found it on level 4 of the Vaults)

   Riposte:   It allows the wearer to riposte with melee weapons, swiftly
   retaliating against missed or blocked melee attacks.
   Dex+3:     It affects your dexterity (+3).
Jewellery
 n - the cursed ring "Tethered Elitism" (right hand) {^Drain rC+ rN+++ Will+ Stlth+, Comp, Self}
   (You bought it in a shop on level 2 of the Orcish Mines)

   [ring of protection from cold]

   rC+:       It protects you from cold.
   rN+++:     It renders you almost immune to negative energy.
   Will+:     It increases your willpower.
   ^Drain:    It drains your maximum health when unequipped.
   Stlth+:    It makes you more stealthy.
   It has a curse which improves the following skills: Companions: Summonings
   and Necromancy.
   Introspection: Fighting and Spellcasting.
 D - a +6 ring of dexterity
 F - a ring of fire
 O - the cursed ring of Ashenzari's Heresy (left hand) {rElec Int+6, Cun, Elem}
   (You found it on level 4 of the Lair of Beasts)

   [ring of intelligence]

   Int+6:     It affects your intelligence (+6).
   rElec:     It insulates you from electricity.
   It has a curse which improves the following skills: Cunning: Dodging and
   Stealth.
   Elements:  Fire Magic, Ice Magic, Air Magic and Earth Magic.
 S - a +6 ring of strength
 X - the ring "Doydot" {Fly rC- MP+9 SInv}
   (You found it in a wizard's laboratory)

   [ring of flight]

   rC-:       It makes you vulnerable to cold.
   MP+9:      It affects your magic capacity (+9).
   SInv:      It lets you see invisible.
   Fly:       It grants you flight.
 Z - the cursed amulet of Ashenzari's Annoyance (around neck) {Acrobat Regen+ Str+2, Melee, Bglg}
   (You found it on level 3 of the Vaults)

   [amulet of the acrobat]

   Acrobat:   It increases your evasion while moving and waiting.
   Str+2:     It affects your strength (+2).
   Regen+:    It increases your rate of health regeneration.
   It has a curse which improves the following skills: Melee Combat: Short
   Blades, Long Blades, Axes, Maces & Flails, Polearms, Staves and Unarmed
   Combat.
   Beguiling: Hexes and Translocations.
Wands
 b - a wand of polymorph (47)
 g - a wand of flame (134)
 H - a wand of light (33)
 K - a wand of digging (24)
 P - a wand of iceblast (32)
 T - a wand of charming (59)
 Y - a wand of mindburst (54)
Scrolls
 c - 3 scrolls of summoning
 h - 7 scrolls of fog
 m - 4 scrolls of blinking
 p - 7 scrolls of brand weapon
 q - 14 scrolls of teleportation {@r2}
 r - 11 scrolls of enchant weapon
 t - 7 scrolls of fear
 x - 6 scrolls of revelation
 y - 4 scrolls of enchant armour
 A - 12 scrolls of vulnerability
 J - 12 scrolls of poison
 L - 6 scrolls of immolation
Potions
 a - 10 potions of haste {@q3}
 d - 8 potions of cancellation
 e - 9 potions of lignification
 j - 11 potions of might
 k - 3 potions of attraction
 l - 10 potions of heal wounds {@q2}
 u - 5 potions of resistance
 v - 20 potions of curing {@q1}
 z - 5 potions of brilliance
 E - 2 potions of enlightenment
 I - 3 potions of ambrosia
 U - 9 potions of mutation
 W - 7 potions of invisibility
Miscellaneous
 s - a box of beasts
 C - a phial of floods
 Q - a condenser vane
 R - a phantom mirror
 V - a lightning rod (3/4)

Dungeon Overview and Level Annotations

Branches:
Dungeon (15/15)            Temple (0/1) D:6            Lair (5/5) D:11
 Shoals (4/4) Lair:2        Snake (4/4) Lair:3        Slime (0/5) Lair:5
    Orc (2/2) D:11            Elf (3/3) Orc:2        Vaults (5/5) D:14
  Crypt (3/3) Vaults:3       Tomb (0/3) Crypt:3      Depths (4/4) D:15
    Zot (5/5) Depths:4      Sewer (visited)           IceCv (visited)
 WizLab (visited)

Altars:
Ashenzari
Cheibriados
Dithmenos
Fedhas
Hepliaklqana
Makhleb
Wu Jian
Yredelemnul
Zin

Shops:
D:6 (   D:10 (   Orc:2 *!=(!   Shoals:1 [   Snake:1 [   Snake:2 *   Vaults:2 (
Vaults:3 (   Vaults:4 ?   Vaults:5 [[

Portals:
Hell: Depths:1 Depths:2 Depths:3 Depths:4
Abyss: Depths:3
Pandemonium: Depths:2
Ziggurat: Depths:3
Trove: D:11 (show abyssal rune of Zot)

Annotations:
D:5 3 runed translucent doors, lessens's ghost, novice GnMo
D:14 5 runed translucent doors
Elf:2 3 runed translucent doors

##.###......####.###
.#.# #......##.....##
...###......#.#8~8#.#
###...#####.#.#≈≈≈#§#
............#.#8≈8#§#
############..#≈≈≈#§#
##.#8~8#.# ##.....##
##.@.## ##.## ##.#*
*#.# *##


There were no monsters in sight!


Message History

There is a large open door here.
There is a large open door here.
There is an open door here.
Aiming: Dig
Press: ? - help, Shift-Dir - straight line A rock wall.
This square is covered in magical glow.
The rock shatters into small pieces.
Aiming: Dig
Press: ? - help, Shift-Dir - straight line You can't see that place. [the floor.]
The rock shatters into small pieces.
An Orb Guardian comes into view.
The Orb Guardian moves out of view.
Aiming: Dig
Press: ? - help, Shift-Dir - straight line A rock wall.
This square is covered in magical glow.
The rock shatters into small pieces.
The crystal spear misses the Orb Guardian.
The crystal spear hits the Orb Guardian!!!!
The Orb Guardian is almost dead.
The Orb Guardian hits you but does no damage.
The crystal spear misses the Orb Guardian.
The Orb Guardian hits you but does no damage. x2
The crystal spear hits the Orb Guardian!!!
You kill the Orb Guardian!
There is a staircase leading out of the dungeon here.
You have escaped!

Skill      XL: |  1  2  3  4  5  6  7  8  9 10 11 12 13 14 15 16 17 18 19 20 21 22 23 24 25 26 27 |
---------------+----------------------------------------------------------------------------------+-----
Spellcasting   | 4 5 6 7 8 9 10 11 13 14 15 16 17 18 19 20 21 22 | 22.9
Conjurations   | 4 5 6 7 8 9 10 11 13 14 15 16 17 18 19 20 21 22 | 22.9
Hexes          | 4 5 6 7 8 9 10 11 13 14 15 16 17 18 19 20 21 22 | 22.9
Summonings     | 4 5 6 7 8 9 10 11 13 14 15 16 17 18 19 20 21 22 | 22.9
Necromancy     | 4 5 6 7 8 9 10 11 13 14 15 16 17 18 19 20 21 22 | 22.9
Translocations | 4 5 6 7 8 9 10 11 13 14 15 16 17 18 19 20 21 22 | 22.9
Fire Magic     | 4 5 6 7 8 9 10 11 13 14 15 16 17 18 19 20 21 22 | 22.9
Ice Magic      | 4 5 6 7 8 9 10 11 13 14 15 16 17 18 19 20 21 22 | 22.9
Air Magic      | 4 5 6 7 8 9 10 11 13 14 15 16 17 18 19 20 21 22 | 22.9
Earth Magic    | 4 5 6 7 8 9 10 11 13 14 15 16 17 18 19 20 21 22 | 22.9
Alchemy        | 4 5 6 7 8 9 10 11 13 14 15 16 17 18 19 20 21 22 | 22.9
Fighting       | 1 2 3 4 5 6 9 12 13 15 16 | 16.5
Dodging        | 4 5 6 7 9 11 13 23 | 23.2
Shields        | 2 3 4 5 |  5.5
Evocations     | 4 6 8 10 13 17 | 17.7
Armour         | 4 11 15 18 20 24 | 24.9
Stealth        | 2 7 11 | 11.0
Axes           | 9 12 | 12.3

Action                     |  1- 3 |  4- 6 |  7- 9 | 10-12 | 13-15 | 16-18 | 19-21 | 22-24 | 25-27 || total
---------------------------+-------+-------+-------+-------+-------+-------+-------+-------+-------++-------
  Melee: Short sword       |       |       |     1 |       |       |       |       |       |       ||     1
         Dagger            |       |       |       |       |     5 |    21 |    18 |       |       ||    44
         Battleaxe         |       |       |       |       |       |       |     2 |     3 |     1 ||     6
   Cast: Foxfire           |    49 |    78 |    96 |   315 |   328 |   163 |       |       |     1 ||  1030
         Scorch            |     5 |    11 |    21 |    65 |   107 |   109 |     8 |       |     1 ||   327
         Inner Flame       |       |     2 |    23 |    39 |   188 |   163 |    46 |     9 |       ||   470
         Shock             |       |       |    12 |     2 |       |     1 |       |       |       ||    15
         Flame Wave        |       |       |     7 |    16 |    37 |    38 |     2 |       |       ||   100
         Volatile Blastmot |       |       |     6 |    65 |    81 |    25 |       |       |       ||   177
         Ozocubu's Armour  |       |       |       |     2 |     1 |     3 |     2 |       |       ||     8
         Yara's Violent Un |       |       |       |       |   134 |   165 |    73 |    43 |    47 ||   462
         Eringya's Noxious |       |       |       |       |    16 |    20 |    21 |     5 |       ||    62
         Monstrous Menager |       |       |       |       |       |   122 |   176 |    35 |    12 ||   345
         Ensorcelled Hiber |       |       |       |       |       |     1 |       |     1 |       ||     2
         Orb of Destructio |       |       |       |       |       |       |   205 |    92 |   277 ||   574
         Vhi's Electric Ch |       |       |       |       |       |       |     1 |       |       ||     1
         Lehudib's Crystal |       |       |       |       |       |       |    97 |   255 |   522 ||   874
         Discord           |       |       |       |       |       |       |       |    46 |    41 ||    87
         Chain Lightning   |       |       |       |       |       |       |       |       |   105 ||   105
 Invoke: Curse Item        |       |       |     2 |     6 |     2 |       |     1 |     2 |     1 ||    14
         Shatter the Chain |       |       |       |     1 |       |       |     2 |     3 |       ||     6
  Evoke: Wand              |       |       |       |       |     3 |     6 |     1 |       |     8 ||    18
         Lightning rod     |       |       |       |       |       |       |       |       |     1 ||     1
    Use: Scroll            |       |     4 |     3 |     1 |     1 |     1 |     1 |     4 |     8 ||    23
         Potion            |       |       |     2 |       |       |       |     3 |     3 |     7 ||    15
   Stab: Sleeping          |       |       |       |       |       |     1 |       |       |       ||     1
         Paralysed         |       |       |       |       |       |       |     2 |       |       ||     2
         Distracted        |       |       |       |       |       |       |     1 |       |       ||     1
 Armour: Robe              |     2 |     3 |    18 |     1 |       |       |       |       |       ||    24
         Steam dragon scal |       |       |       |    14 |       |       |       |       |       ||    14
         Troll leather arm |       |       |       |    30 |   136 |   184 |   138 |    83 |       ||   571
         Plate armour      |       |       |       |       |       |       |       |    94 |   341 ||   435
  Dodge: Dodged            |     1 |     3 |    14 |    22 |    94 |   188 |   159 |    97 |   116 ||   694
  Block: Buckler           |       |       |     1 |     9 |    26 |    58 |    24 |       |       ||   118

Levels and vault maps discovered:
D:1:      lightli_arrival_statue_moat, layout_basic,
          hellmonk_ecumenical_altar_prayer_group, chequers_garden
D:2:      kennysheep_big_flooded_room, layout_loops_ring,
          serial_co_window_serial, co_window_corner_a, co_window_cross_1,
          co_window_corner_a, co_window_paths_b, co_window_cross_1,
          co_window_paths_b, co_window_2corner, co_window_2corner,
          co_window_corner_b, co_window_2corner, co_window_2corner,
          glass_columns_c, glass_columns_b
D:3:      layout_rooms, nzn_hepliaklqana_mist_gate,
          chequers_temple_overflow_statue_of_worship, gup_sewer_entry_bowl,
          minmay_misc_feat_room, wander_ebering_terrifying_dragon_lair
D:4:      minmay_inner_zag, layout_rooms, hangedman_decor_peaks_small,
          serial_bayou_crossing
D:5:      layout_rooms, nicolae_yredelemnul_ghost_church,
          kennysheep_small_circle
D:6:      minmay_opposing_rooms, layout_basic, general_overflow_altar,
          minmay_temple_entry_grid, serial_shops, shop
D:7:      layout_cave_pools, mainiacjoe_overflow_surrounded_room
D:8:      layout_cave_pods, nrook_mini_backslash
D:9:      layout_roguey
D:10:     layout_irregular_city, serial_shops, shop, minmay_gold_behind_fungi,
          minmay_statue_bubble
D:11:     minmay_sliced_demisemicircle, layout_stronghold, lair_entry_dummy,
          orc_0_dummy, enter_trove_1, minmay_bent
D:12:     layout_roguey, grunt_potential
D:13:     minmay_distorted_concentric_squares, layout_cave_pods, uniq_nessos,
          uniq_erolcha
D:14:     minmay_the_grid_triangle_9x9_recursive_3_mashed
          [minmay_the_grid_triangle_9x9_sparse_checkered,
          minmay_the_grid_triangle_9x9_fully_insulated_deathbox,
          minmay_the_grid_triangle_9x9_tough_junction,
          minmay_the_grid_triangle_9x9_prize_special,
          minmay_the_grid_triangle_9x9_swiss_cheese,
          minmay_the_grid_triangle_9x9_dagger,
          minmay_the_grid_triangle_9x9_corruption,
          minmay_the_grid_triangle_9x9_limited_checkers,
          minmay_the_grid_triangle_9x9_impossible_snake], layout_stronghold
D:15:     hangedman_crystal_crosses_colossus [crystal_crosses_arms_two,
          crystal_crosses_arms_two, crystal_crosses_arms_one], uniq_azrael
Lair:1:   layout_gridlike, grunt_megastairs_3
Lair:2:   layout_cellular_growth, elwin_shoals_entry_rooms,
          serial_bayou_shore_a, infiniplex_staircase_pool_2
Lair:3:   layout_chaotic_city, nicolae_snake_entry_warm_welcome,
          hellmonk_talismancer, uniq_sonja, uniq_nergalle
Lair:4:   layout_cave_pods
Lair:5:   gammafunk_lair_ancient_temple, layout_cave_shapes, slime_entry_1,
          nzn_sisyphean_effort
Shoals:1: layout_shoals, serial_shops, nicolae_shop_mannequins,
          nicolae_shoals_flooded_hall
Shoals:2: layout_shoals
Shoals:3: layout_shoals, uniq_polyphemus, uniq_ilsuiw
Shoals:4: shoals_end_simple, layout_shoals, shoal_ilsuiw
Snake:1:  layout_cave_pods, portal_ice_cave_entry_frozen_things, serial_shops,
          nicolae_shop_statue_plus
Snake:2:  layout_rooms, serial_shops, shop
Snake:3:  layout_rooms
Snake:4:  grunt_snake_rune_pools, layout_rooms, nicolae_triple_integral
Orc:1:    layout_caves
Orc:2:    st_orc_mages, layout_caves, serial_shops, shop
Elf:1:    elf_arrival_001, layout_gridlike, serial_sigils,
          serial_sigils_hangedman_leer, serial_sigils_hangedman_snap,
          serial_sigils_hangedman_writhe, serial_sigils_hangedman_clutch,
          serial_sigils_hangedman_snap, basic_altar, nicolae_elf_crossing_hall
Elf:2:    nicolae_elf_blades_splatter_lattice [mumra_blade_entry_dagger],
          layout_geoelf_grid, dk_noncrumbling_4, grunt_megastairs_5
Elf:3:    grunt_elf_hall_branching, layout_geoelf_octagon, uniq_nikola
Vaults:1: ontoclasm_vaults_pinch, v_misc_15, vaults_room_guarded_vault,
          v_misc_18, hangedman_vaults_pinch, nicolae_vaults_closet_pinwheel_5,
          ontoclasm_vaults_twist, vaults_room_fours,
          nicolae_vaults_closet_pinwheel_3, hangedman_vaults_cutoff,
          nicolae_vaults_tangram_1, nicolae_vaults_variable_pillar_hall,
          vaults_dpeg_emergency_exit, layout_vaults_big_cross, uniq_aizul
Vaults:2: mu_enter_wizlab_4, vaults_room_fancy_cross, vaults_dpeg_cross,
          v_misc_18, nicolae_vaults_taking_the_gang_shopping, vaults_room_grid,
          nicolae_vaults_closet_pinwheel_2, nicolae_vaults_storage_closets_1,
          hangedman_vaults_capsules, ontoclasm_vaults_shout, vaults_room_grid,
          layout_vaults_big_room, uniq_asterion
Vaults:3: nicolae_vaults_meiosis, nicolae_vaults_c_with_doors,
          ontoclasm_vaults_ring_small, grunt_vaults_diagonal, vaults_dpeg_ring,
          nicolae_vaults_door_testing_chamber, vaults_room_corners,
          nicolae_vaults_closet_pinwheel_3, v_misc_14,
          hangedman_vaults_restitches, nicolae_vaults_three_branches,
          layout_vaults_omnigrid, dummy_crypt_entry, serial_shops, shop
Vaults:4: nicolae_vaults_mitosis, nicolae_vaults_mini_display_case,
          gammafunk_sealed_library, nicolae_vaults_offset_grid_hallway_2,
          hangedman_vaults_cutoff, hangedman_vaults_corner,
          nicolae_vaults_shelves_hall, nicolae_vaults_diagonal_hallway_6,
          ontoclasm_vaults_loading_screen, vaults_dpeg_hooks,
          nicolae_vaults_house_2, nicolae_vaults_little_squares_4,
          grunt_vaults_hallway_long, layout_vaults_maze_snakey, serial_shops,
          shop, uniq_zenata, uniq_frederick
Vaults:5: serial_shops, uniq_saint_roka
Crypt:1:  layout_catacombs, special_room [special_room_morgue],
          grunt_crypt_arrival_webbed, roderic_lattice_octagonal_star,
          uniq_josephina, uniq_donald, uniq_grunn
Crypt:2:  layout_misc_corridors
Crypt:3:  church_of_pain_bobbens, layout_chaotic_city, minmay_misc_feat_columns
Depths:1: layout_cave_shapes, special_room [special_room_magic_class],
          grunt_hell_entry_dis_grunt, hangedman_decor_riveting,
          minmay_acid_items
Depths:2: gammafunk_dig_for_victory, layout_gridlike, rand_demon_pan_entry_3,
          hell_entry, gammafunk_ghost_split, drop_trap,
          chequers_serial_rivers_large_a, minmay_misc_feat_rugged, uniq_norris
Depths:3: grunt_twist_and_shout, layout_honeycomb, enter_ziggurat_a,
          grunt_mini_vestibule, nicolae_wu_jian_immortal_techniques, abyss_entry
Depths:4: grunt_zot_entry_tricorne, layout_cave_pools, pf_coc_iceberg,
          cheibriados_altar_1
Zot:1:    kennysheep_spiral_hall, layout_basic
Zot:2:    layout_basic, skrybe_zot_glass_1, zot_minivault_7
Zot:3:    layout_gridville, regret_index_zotdec_twisting_globes
Zot:4:    layout_misc_corridors, regret_index_zotdec_dark_gr,
          lemuel_baited_zot_trap
Zot:5:    layout_cathedral_of_symmetry

Notes
Turn   | Place    | Note
-------+----------+-------------------------------------------
     0 | D:1      | Drazool the Djinni Fire Elementalist began the quest for
                  | the Orb.
     0 | D:1      | Drazool set off with the following spells memorised:
                  | Foxfire, Scorch, Volatile Blastmotes, Inner Flame, Flame
                  | Wave.
     0 | D:1      | Reached XP level 1. HP: 15/15 MP: 0/0
    98 | D:1      | Reached XP level 2. HP: 18/21 MP: 0/0
   429 | D:1      | Reached XP level 3. HP: 23/25 MP: 0/0
   429 | D:1      | Learned a level 1 spell: Shock
   765 | D:1      | Found a faded altar of an unknown god.
   984 | D:1      | Reached skill level 4 in Spellcasting
   984 | D:1      | Reached skill level 4 in Conjurations
   984 | D:1      | Reached skill level 4 in Hexes
   984 | D:1      | Reached skill level 4 in Summonings
   984 | D:1      | Reached skill level 4 in Necromancy
   984 | D:1      | Reached skill level 4 in Translocations
   984 | D:1      | Reached skill level 4 in Fire Magic
   984 | D:1      | Reached skill level 4 in Ice Magic
   984 | D:1      | Reached skill level 4 in Air Magic
   984 | D:1      | Reached skill level 4 in Earth Magic
   984 | D:1      | Reached skill level 4 in Alchemy
  1110 | D:2      | Reached skill level 1 in Fighting
  1110 | D:2      | Reached XP level 4. HP: 30/32 MP: 0/0
  2097 | D:3      | Reached skill level 2 in Fighting
  2110 | D:3      | Found a shadowy altar of Dithmenos.
  2137 | D:3      | Reached XP level 5. HP: 36/39 MP: 0/0
  2137 | D:3      | Learned a level 2 spell: Ensorcelled Hibernation
  2241 | D:3      | Reached skill level 3 in Fighting
  2281 | D:3      | Found a glowing drain.
  2285 | Sewer    | Entered a sewer
  2373 | Sewer    | Noticed a brain worm
  2386 | Sewer    | Killed a brain worm
  2387 | Sewer    | Reached XP level 6. HP: 31/46 MP: 0/0
  2579 | Sewer    | Reached skill level 5 in Spellcasting
  2579 | Sewer    | Reached skill level 5 in Conjurations
  2579 | Sewer    | Reached skill level 5 in Hexes
  2579 | Sewer    | Reached skill level 5 in Summonings
  2579 | Sewer    | Reached skill level 5 in Necromancy
  2579 | Sewer    | Reached skill level 5 in Translocations
  2579 | Sewer    | Reached skill level 5 in Fire Magic
  2579 | Sewer    | Reached skill level 5 in Ice Magic
  2579 | Sewer    | Reached skill level 5 in Air Magic
  2579 | Sewer    | Reached skill level 5 in Earth Magic
  2579 | Sewer    | Reached skill level 5 in Alchemy
  2806 | D:3      | Found a broken altar of Ashenzari.
  2806 | D:3      | Found a glowing silver altar of Zin.
  2817 | D:3      | Became a worshipper of Ashenzari the Shackled
  3082 | D:3      | Found a hazy altar of Hepliaklqana.
  3182 | D:4      | Reached XP level 7. HP: 43/50 MP: 0/0
  3182 | D:4      | Learned a level 2 spell: Momentum Strike
  3467 | D:4      | Reached skill level 6 in Spellcasting
  3467 | D:4      | Reached skill level 6 in Conjurations
  3467 | D:4      | Reached skill level 6 in Hexes
  3467 | D:4      | Reached skill level 6 in Summonings
  3467 | D:4      | Reached skill level 6 in Necromancy
  3467 | D:4      | Reached skill level 6 in Translocations
  3467 | D:4      | Reached skill level 6 in Fire Magic
  3467 | D:4      | Reached skill level 6 in Ice Magic
  3467 | D:4      | Reached skill level 6 in Air Magic
  3467 | D:4      | Reached skill level 6 in Earth Magic
  3467 | D:4      | Reached skill level 6 in Alchemy
  3606 | D:5      | Entered Level 5 of the Dungeon
  3611 | D:5      | Reached skill level 3 in Dodging
  3659 | D:5      | Found a runed translucent gate.
  3659 | D:5      | Found a runed translucent gate.
  3659 | D:5      | Found a runed translucent gate.
  3659 | D:5      | Noticed lessens's ghost (novice GnMo)
  3661 | D:5      | Found a basalt altar of Yredelemnul.
  3669 | D:5      | Reached skill level 4 in Dodging
  3754 | D:5      | Reached XP level 8. HP: 55/58 MP: 0/0
  3972 | D:5      | Reached skill level 4 in Fighting
  4369 | D:6      | Found a staircase to the Ecumenical Temple.
  4432 | D:6      | Killed an unseen horror
  4433 | D:6      | Reached skill level 5 in Dodging
  4433 | D:6      | Reached skill level 7 in Spellcasting
  4433 | D:6      | Reached skill level 7 in Conjurations
  4433 | D:6      | Reached skill level 7 in Hexes
  4433 | D:6      | Reached skill level 7 in Summonings
  4433 | D:6      | Reached skill level 7 in Necromancy
  4433 | D:6      | Reached skill level 7 in Translocations
  4433 | D:6      | Reached skill level 7 in Fire Magic
  4433 | D:6      | Reached skill level 7 in Ice Magic
  4433 | D:6      | Reached skill level 7 in Air Magic
  4433 | D:6      | Reached skill level 7 in Earth Magic
  4433 | D:6      | Reached skill level 7 in Alchemy
  4563 | D:6      | Reached XP level 9. HP: 59/65 MP: 0/0
  4563 | D:6      | Learned a level 3 spell: Ozocubu's Armour
  4602 | D:6      | Reached skill level 5 in Fighting
  4650 | D:6      | Noticed a gargoyle
  4677 | D:6      | Killed a gargoyle
  4678 | D:6      | Reached skill level 8 in Spellcasting
  4678 | D:6      | Reached skill level 8 in Conjurations
  4678 | D:6      | Reached skill level 8 in Hexes
  4678 | D:6      | Reached skill level 8 in Summonings
  4678 | D:6      | Reached skill level 8 in Necromancy
  4678 | D:6      | Reached skill level 8 in Translocations
  4678 | D:6      | Reached skill level 8 in Fire Magic
  4678 | D:6      | Reached skill level 8 in Ice Magic
  4678 | D:6      | Reached skill level 8 in Air Magic
  4678 | D:6      | Reached skill level 8 in Earth Magic
  4678 | D:6      | Reached skill level 8 in Alchemy
  4826 | D:6      | Reached * piety under Ashenzari
  4826 | D:6      | Identified a potion of resistance
  5000 | D:6      | Reached skill level 6 in Dodging
  5220 | D:6      | Found a burning altar of Makhleb.
  5306 | D:6      | Found Xomeunn's Weapon Shoppe.
  5390 | D:6      | Identified the +0 scale mail "Fampaus" {Will+}
  5398 | D:6      | Reached skill level 1 in Shields
  5907 | D:7      | Reached skill level 2 in Shields
  5984 | D:7      | Reached XP level 10. HP: 57/75 MP: 0/0
  6102 | D:7      | Reached skill level 3 in Shields
  6105 | D:7      | Reached ** piety under Ashenzari
  6173 | D:7      | Found a blossoming altar of Fedhas.
  6265 | D:7      | Reached skill level 6 in Fighting
  6432 | D:7      | Reached skill level 9 in Spellcasting
  6432 | D:7      | Reached skill level 9 in Conjurations
  6432 | D:7      | Reached skill level 9 in Hexes
  6432 | D:7      | Reached skill level 9 in Summonings
  6432 | D:7      | Reached skill level 9 in Necromancy
  6432 | D:7      | Reached skill level 9 in Translocations
  6432 | D:7      | Reached skill level 9 in Fire Magic
  6432 | D:7      | Reached skill level 9 in Ice Magic
  6432 | D:7      | Reached skill level 9 in Air Magic
  6432 | D:7      | Reached skill level 9 in Earth Magic
  6432 | D:7      | Reached skill level 9 in Alchemy
  6827 | D:8      | Reached *** piety under Ashenzari
  7219 | D:8      | Reached skill level 7 in Dodging
  7725 | D:9      | Reached skill level 1 in Evocations
  7893 | D:9      | Reached skill level 2 in Evocations
  8125 | D:9      | Noticed a two-headed ogre
  8137 | D:9      | Killed a two-headed ogre
  8138 | D:9      | Reached skill level 4 in Evocations
  8138 | D:9      | Reached XP level 11. HP: 75/82 MP: 0/0
  8138 | D:9      | Learned a level 4 spell: Vhi's Electric Charge
  8162 | D:9      | Noticed a two-headed ogre
  8181 | D:9      | Killed a two-headed ogre
  8182 | D:9      | Reached skill level 5 in Evocations
  8302 | D:9      | Reached skill level 6 in Evocations
  8328 | D:9      | Reached skill level 1 in Armour
  8328 | D:9      | Reached skill level 4 in Shields
  8537 | D:9      | Reached skill level 2 in Armour
  8598 | D:10     | Entered Level 10 of the Dungeon
  8649 | D:10     | Reached **** piety under Ashenzari
  8771 | D:10     | Found Poph's Weapon Shoppe.
  8793 | D:10     | Reached skill level 3 in Armour
  9189 | D:10     | Reached skill level 10 in Spellcasting
  9189 | D:10     | Reached skill level 10 in Conjurations
  9189 | D:10     | Reached skill level 10 in Hexes
  9189 | D:10     | Reached skill level 10 in Summonings
  9189 | D:10     | Reached skill level 10 in Necromancy
  9189 | D:10     | Reached skill level 10 in Translocations
  9189 | D:10     | Reached skill level 10 in Fire Magic
  9189 | D:10     | Reached skill level 10 in Ice Magic
  9189 | D:10     | Reached skill level 10 in Air Magic
  9189 | D:10     | Reached skill level 10 in Earth Magic
  9189 | D:10     | Reached skill level 10 in Alchemy
  9530 | D:11     | Noticed a cyclops
  9608 | D:11     | Noticed a cyclops
  9614 | D:11     | Killed a cyclops
  9768 | D:11     | Reached ***** piety under Ashenzari
  9811 | D:11     | Noticed a boulder beetle
  9862 | D:11     | Found a portal to a secret trove of treasure.
  9867 | D:11     | Noticed a five-headed hydra
  9882 | D:11     | Found a staircase to the Orcish Mines.
  9916 | D:11     | Noticed a manticore
  9930 | D:11     | Killed a manticore
  9953 | D:11     | Reached skill level 4 in Armour
 10034 | D:11     | Noticed a skeletal warrior
 10057 | D:11     | Killed a skeletal warrior
 10058 | D:11     | Reached XP level 12. HP: 86/95 MP: 0/0
 10060 | D:11     | Noticed a two-headed ogre
 10069 | D:11     | Killed a two-headed ogre
 10070 | D:11     | Reached skill level 7 in Fighting
 10070 | D:11     | Reached skill level 7 in Evocations
 10093 | D:11     | Found a staircase to the Lair.
 10131 | D:11     | Reached skill level 8 in Evocations
 10339 | D:11     | Noticed a boulder beetle
 10436 | Lair:1   | Entered Level 1 of the Lair of Beasts
 10499 | Lair:1   | Noticed a catoblepas
 10548 | Lair:1   | Killed a catoblepas
 10738 | Lair:1   | Reached skill level 11 in Spellcasting
 10738 | Lair:1   | Reached skill level 11 in Conjurations
 10738 | Lair:1   | Reached skill level 11 in Hexes
 10738 | Lair:1   | Reached skill level 11 in Summonings
 10738 | Lair:1   | Reached skill level 11 in Necromancy
 10738 | Lair:1   | Reached skill level 11 in Translocations
 10738 | Lair:1   | Reached skill level 11 in Fire Magic
 10738 | Lair:1   | Reached skill level 11 in Ice Magic
 10738 | Lair:1   | Reached skill level 11 in Air Magic
 10738 | Lair:1   | Reached skill level 11 in Earth Magic
 10738 | Lair:1   | Reached skill level 11 in Alchemy
 10744 | Lair:1   | Noticed a death yak
 10745 | Lair:1   | Noticed a death yak
 10752 | Lair:1   | Noticed a death yak
 10753 | Lair:1   | Noticed a death yak
 10762 | Lair:1   | Killed a death yak
 10764 | Lair:1   | Killed a death yak
 10765 | Lair:1   | Reached skill level 8 in Fighting
 10797 | Lair:1   | Killed a death yak
 10820 | Lair:1   | Killed a death yak
 10821 | Lair:1   | Reached skill level 9 in Fighting
 11256 | Lair:1   | Reached XP level 13. HP: 103/105 MP: 0/0
 11256 | Lair:1   | Learned a level 5 spell: Yara's Violent Unravelling
 11260 | Lair:1   | Reached skill level 9 in Evocations
 11643 | Lair:2   | Reached skill level 10 in Evocations
 12060 | Lair:2   | Identified the +6 plate armour of Abstinence {Int+3}
 12139 | Lair:2   | Reached skill level 12 in Spellcasting
 12139 | Lair:2   | Reached skill level 12 in Conjurations
 12139 | Lair:2   | Reached skill level 12 in Hexes
 12139 | Lair:2   | Reached skill level 12 in Summonings
 12139 | Lair:2   | Reached skill level 12 in Necromancy
 12139 | Lair:2   | Reached skill level 12 in Translocations
 12139 | Lair:2   | Reached skill level 12 in Fire Magic
 12139 | Lair:2   | Reached skill level 12 in Ice Magic
 12139 | Lair:2   | Reached skill level 12 in Air Magic
 12139 | Lair:2   | Reached skill level 12 in Earth Magic
 12139 | Lair:2   | Reached skill level 12 in Alchemy
 12486 | Lair:2   | Found a staircase to the Shoals.
 12510 | Lair:2   | Identified the +0 scale mail of Absolutism {rElec rN++
                  | Dex-3 Stlth-}
 13001 | Lair:3   | Noticed Sonja
 13008 | Lair:3   | Sonja changed into Sonja the tengu
 13008 | Lair:3   | Noticed Sonja
 13010 | Lair:3   | Killed Sonja the tengu
 13038 | Lair:3   | Identified a +2 robe of resistance
 13038 | Lair:3   | Noticed Nergalle
 13055 | Lair:3   | Killed Nergalle
 13212 | Lair:3   | Found a staircase to the Snake Pit.
 13598 | Lair:4   | Identified the ring "Kuxkiyfuo" {rElec Int+6}
 13816 | Lair:4   | Reached skill level 13 in Spellcasting
 13816 | Lair:4   | Reached skill level 13 in Conjurations
 13816 | Lair:4   | Reached skill level 13 in Hexes
 13816 | Lair:4   | Reached skill level 13 in Summonings
 13816 | Lair:4   | Reached skill level 13 in Necromancy
 13816 | Lair:4   | Reached skill level 13 in Translocations
 13816 | Lair:4   | Reached skill level 13 in Fire Magic
 13816 | Lair:4   | Reached skill level 13 in Ice Magic
 13816 | Lair:4   | Reached skill level 13 in Air Magic
 13816 | Lair:4   | Reached skill level 13 in Earth Magic
 13816 | Lair:4   | Reached skill level 13 in Alchemy
 14508 | Lair:5   | Entered Level 5 of the Lair of Beasts
 14532 | Lair:4   | Reached XP level 14. HP: 69/112 MP: 0/0
 14662 | Lair:5   | Reached skill level 10 in Fighting
 14664 | Lair:5   | Reached skill level 8 in Dodging
 15145 | Lair:4   | Reached skill level 11 in Fighting
 15768 | Lair:5   | Noticed a dire elephant
 15987 | Lair:5   | Reached skill level 14 in Spellcasting
 15987 | Lair:5   | Reached skill level 14 in Conjurations
 15987 | Lair:5   | Reached skill level 14 in Hexes
 15987 | Lair:5   | Reached skill level 14 in Summonings
 15987 | Lair:5   | Reached skill level 14 in Necromancy
 15987 | Lair:5   | Reached skill level 14 in Translocations
 15987 | Lair:5   | Reached skill level 14 in Fire Magic
 15987 | Lair:5   | Reached skill level 14 in Ice Magic
 15987 | Lair:5   | Reached skill level 14 in Air Magic
 15987 | Lair:5   | Reached skill level 14 in Earth Magic
 15987 | Lair:5   | Reached skill level 14 in Alchemy
 16274 | Lair:5   | Found a staircase to the Slime Pits.
 16771 | D:11     | Reached skill level 12 in Fighting
 16771 | D:11     | Reached skill level 9 in Dodging
 16771 | D:11     | Reached XP level 15. HP: 110/124 MP: 0/0
 16771 | D:11     | Learned a level 6 spell: Eringya's Noxious Bog
 16847 | D:11     | Noticed a tengu reaver
 16895 | D:11     | Killed a tengu reaver
 16896 | D:11     | Reached skill level 10 in Dodging
 17071 | D:11     | Identified the +4 arbalest of Gataeng {flame, rN++ Str-3
                  | Dex+3 SInv}
 17122 | Orc:1    | Entered Level 1 of the Orcish Mines
 17284 | Orc:2    | Entered Level 2 of the Orcish Mines
 17639 | Orc:2    | Found a staircase to the Elven Halls.
 17877 | Orc:2    | Found Deci's Distillery.
 17887 | Orc:2    | Bought a potion of heal wounds for 55 gold pieces
 17887 | Orc:2    | Bought a potion of invisibility for 88 gold pieces
 18044 | Orc:2    | Found Ivoh's Antique Weapon Boutique.
 18044 | Orc:2    | Found Rumant's Jewellery Boutique.
 18045 | Orc:2    | Found Iniyd's General Store.
 18049 | Orc:2    | Found Xehicone's Distillery.
 18145 | Orc:2    | Bought the ring "Neosef" {^Drain rC+ rN+++ Will+ Stlth+}
                  | for 725 gold pieces
 18146 | Orc:2    | Reached ****** piety under Ashenzari
 18342 | D:12     | Reached skill level 5 in Shields
 18522 | D:12     | Reached skill level 11 in Dodging
 19271 | D:13     | Noticed Nessos
 19275 | D:13     | Killed Nessos
 19275 | D:13     | Noticed Erolcha
 19281 | D:13     | Killed Erolcha
 19516 | D:13     | Reached skill level 15 in Spellcasting
 19516 | D:13     | Reached skill level 15 in Conjurations
 19516 | D:13     | Reached skill level 15 in Hexes
 19516 | D:13     | Reached skill level 15 in Summonings
 19516 | D:13     | Reached skill level 15 in Necromancy
 19516 | D:13     | Reached skill level 15 in Translocations
 19516 | D:13     | Reached skill level 15 in Fire Magic
 19516 | D:13     | Reached skill level 15 in Ice Magic
 19516 | D:13     | Reached skill level 15 in Air Magic
 19516 | D:13     | Reached skill level 15 in Earth Magic
 19516 | D:13     | Reached skill level 15 in Alchemy
 19527 | D:13     | Reached XP level 16. HP: 119/135 MP: 0/0
 20832 | D:14     | Found a gate to the Vaults.
 20967 | D:14     | Reached skill level 13 in Fighting
 21273 | D:14     | Identified the +2 pair of gloves "Tunecs" {*Corrode rF+
                  | Int+4}
 21335 | D:14     | Found a runed translucent door.
 21340 | D:14     | Found a runed translucent door.
 21341 | D:14     | Found a runed translucent door.
 21461 | D:14     | Reached skill level 2 in Stealth
 21474 | D:14     | Identified the ring of Attitude {^Drain rPois rF++ Dex+6}
 21580 | D:14     | Found a runed translucent door.
 21580 | D:14     | Found a runed translucent door.
 21589 | D:14     | Identified the ring "Togouneb" {Fly rC+ Int+4}
 21596 | D:14     | Identified the ring "Diwobbos" {rElec Str+3 SInv}
 21599 | D:14     | Identified the ring of the Zebrataur {+Blink rElec Will+
                  | Int-2 Slay+5}
 21741 | D:15     | Entered Level 15 of the Dungeon
 22216 | Snake:1  | Entered Level 1 of the Snake Pit
 22333 | Snake:1  | Reached skill level 16 in Spellcasting
 22333 | Snake:1  | Reached skill level 16 in Conjurations
 22333 | Snake:1  | Reached skill level 16 in Hexes
 22333 | Snake:1  | Reached skill level 16 in Summonings
 22333 | Snake:1  | Reached skill level 16 in Necromancy
 22333 | Snake:1  | Reached skill level 16 in Translocations
 22333 | Snake:1  | Reached skill level 16 in Fire Magic
 22333 | Snake:1  | Reached skill level 16 in Ice Magic
 22333 | Snake:1  | Reached skill level 16 in Air Magic
 22333 | Snake:1  | Reached skill level 16 in Earth Magic
 22333 | Snake:1  | Reached skill level 16 in Alchemy
 22488 | Snake:1  | Found a frozen archway.
 22488 | Snake:1  | Noticed an azure jelly
 22514 | Snake:1  | Killed an azure jelly
 22531 | IceCv    | Entered an ice cave
 22877 | IceCv    | Reached XP level 17. HP: 135/143 MP: 0/0
 22877 | IceCv    | Learned a level 7 spell: Monstrous Menagerie
 23172 | IceCv    | Identified the ring of Riurisir {Ice Str+4}
 23684 | Snake:1  | Found Xuwe's Armour Shoppe.
 23702 | Snake:1  | Reached skill level 17 in Spellcasting
 23702 | Snake:1  | Reached skill level 17 in Conjurations
 23702 | Snake:1  | Reached skill level 17 in Hexes
 23702 | Snake:1  | Reached skill level 17 in Summonings
 23702 | Snake:1  | Reached skill level 17 in Necromancy
 23702 | Snake:1  | Reached skill level 17 in Translocations
 23702 | Snake:1  | Reached skill level 17 in Fire Magic
 23702 | Snake:1  | Reached skill level 17 in Ice Magic
 23702 | Snake:1  | Reached skill level 17 in Air Magic
 23702 | Snake:1  | Reached skill level 17 in Earth Magic
 23702 | Snake:1  | Reached skill level 17 in Alchemy
 24480 | Snake:2  | Found Amer's General Store.
 24489 | Snake:2  | Bought a potion of heal wounds for 80 gold pieces
 25044 | Snake:3  | Reached skill level 14 in Fighting
 25340 | Snake:3  | Reached skill level 15 in Fighting
 25427 | Snake:3  | Reached XP level 18. HP: 153/154 MP: 0/0
 25623 | Snake:4  | Entered Level 4 of the Snake Pit
 25727 | Snake:3  | Reached skill level 12 in Dodging
 26093 | Snake:3  | Reached skill level 13 in Dodging
 26846 | Snake:4  | Reached skill level 18 in Spellcasting
 26846 | Snake:4  | Reached skill level 18 in Conjurations
 26846 | Snake:4  | Reached skill level 18 in Hexes
 26846 | Snake:4  | Reached skill level 18 in Summonings
 26846 | Snake:4  | Reached skill level 18 in Necromancy
 26846 | Snake:4  | Reached skill level 18 in Translocations
 26846 | Snake:4  | Reached skill level 18 in Fire Magic
 26846 | Snake:4  | Reached skill level 18 in Ice Magic
 26846 | Snake:4  | Reached skill level 18 in Air Magic
 26846 | Snake:4  | Reached skill level 18 in Earth Magic
 26846 | Snake:4  | Reached skill level 18 in Alchemy
 27156 | Snake:4  | Got a serpentine rune of Zot
 27333 | Shoals:1 | Entered Level 1 of the Shoals
 27670 | Shoals:1 | Reached XP level 19. HP: 158/160 MP: 0/0
 27670 | Shoals:1 | Learned a level 7 spell: Orb of Destruction
 28112 | Shoals:1 | Found Tiuleeb's Armour Boutique.
 28112 | Shoals:1 | Identified +0 pearl dragon scales
 28363 | Shoals:2 | Reached skill level 16 in Fighting
 29349 | Shoals:3 | Reached skill level 19 in Spellcasting
 29349 | Shoals:3 | Reached skill level 19 in Conjurations
 29349 | Shoals:3 | Reached skill level 19 in Hexes
 29349 | Shoals:3 | Reached skill level 19 in Summonings
 29349 | Shoals:3 | Reached skill level 19 in Necromancy
 29349 | Shoals:3 | Reached skill level 19 in Translocations
 29349 | Shoals:3 | Reached skill level 19 in Fire Magic
 29349 | Shoals:3 | Reached skill level 19 in Ice Magic
 29349 | Shoals:3 | Reached skill level 19 in Air Magic
 29349 | Shoals:3 | Reached skill level 19 in Earth Magic
 29349 | Shoals:3 | Reached skill level 19 in Alchemy
 29353 | Shoals:3 | Upgraded the game from 0.31-a0-1570-g93c622d222 to
                  | 0.31-a0-1576-ga3383bade6
 29560 | Shoals:3 | Noticed Ilsuiw
 29582 | Shoals:3 | Killed Ilsuiw
 29877 | Shoals:3 | Noticed Polyphemus
 29885 | Shoals:3 | Killed Polyphemus
 30605 | Shoals:4 | Entered Level 4 of the Shoals
 30961 | Shoals:4 | Reached XP level 20. HP: 166/170 MP: 0/0
 31156 | Shoals:4 | Reached skill level 20 in Spellcasting
 31156 | Shoals:4 | Reached skill level 20 in Conjurations
 31156 | Shoals:4 | Reached skill level 20 in Hexes
 31156 | Shoals:4 | Reached skill level 20 in Summonings
 31156 | Shoals:4 | Reached skill level 20 in Necromancy
 31156 | Shoals:4 | Reached skill level 20 in Translocations
 31156 | Shoals:4 | Reached skill level 20 in Fire Magic
 31156 | Shoals:4 | Reached skill level 20 in Ice Magic
 31156 | Shoals:4 | Reached skill level 20 in Air Magic
 31156 | Shoals:4 | Reached skill level 20 in Earth Magic
 31156 | Shoals:4 | Reached skill level 20 in Alchemy
 31300 | Shoals:4 | Got a barnacled rune of Zot
 32603 | D:15     | Reached skill level 11 in Evocations
 32678 | D:15     | Identified the Octavo of Instinct
 32679 | D:15     | Found a staircase to the Depths.
 32789 | D:15     | Identified the Vellum of Liberalism
 33203 | D:15     | Reached skill level 12 in Evocations
 33232 | D:15     | Noticed Azrael
 33238 | D:15     | Killed Azrael
 33656 | Elf:1    | Entered Level 1 of the Elven Halls
 34364 | Elf:1    | Reached skill level 13 in Evocations
 35025 | Elf:2    | Reached XP level 21. HP: 175/176 MP: 0/0
 35025 | Elf:2    | Learned a level 8 spell: Lehudib's Crystal Spear
 35042 | Elf:2    | Identified the +10 battleaxe of Fiedoym {holy, Str+4 Int+3}
 35151 | Elf:2    | Reached skill level 1 in Axes
 35160 | Elf:2    | Reached skill level 2 in Axes
 35461 | Elf:2    | Reached skill level 3 in Axes
 35470 | Elf:2    | Found a runed translucent gate.
 35471 | Elf:2    | Found a runed translucent gate.
 35475 | Elf:2    | Found a runed translucent gate.
 35698 | Vaults:1 | Entered Level 1 of the Vaults
 35718 | Vaults:1 | Reached skill level 4 in Axes
 35904 | Vaults:1 | Reached skill level 5 in Axes
 36179 | Vaults:1 | Reached skill level 6 in Axes
 36602 | Vaults:1 | Reached skill level 7 in Axes
 36687 | Vaults:1 | Identified the serpent talisman of the Jackalope {Int+3}
 36687 | Vaults:1 | Noticed Aizul
 36692 | Vaults:1 | Killed Aizul
 36899 | Vaults:1 | Reached skill level 8 in Axes
 37294 | Vaults:2 | Noticed Asterion
 37300 | Vaults:2 | Killed Asterion
 37349 | Vaults:2 | Found a magical portal.
 37365 | WizLab   | Entered The Chambers of the Cloud Mage
 37398 | WizLab   | Reached skill level 9 in Axes
 37687 | WizLab   | Paralysed by an air elemental for 1 turns
 37859 | WizLab   | Paralysed by an air elemental for 1 turns
 37868 | WizLab   | Reached XP level 22. HP: 137/180 MP: 0/0
 37919 | WizLab   | Reached skill level 10 in Axes
 37927 | WizLab   | Identified the ring "Doydot" {Fly rC- MP+9 SInv}
 37927 | WizLab   | Identified Lajiosow's Meditations on Nephomancy
 38610 | Vaults:2 | Reached skill level 11 in Axes
 39252 | Vaults:2 | Found Roocw's Weapon Emporium.
 39498 | Vaults:2 | Upgraded the game from 0.31-a0-1576-ga3383bade6 to
                  | 0.31-a0-1589-g8f5e8aebd6
 39519 | Vaults:3 | Reached skill level 12 in Axes
 39746 | Vaults:3 | Reached skill level 3 in Stealth
 39859 | Vaults:3 | Identified the amulet of Owyjef {Acrobat Regen+ Str+2}
 39866 | Vaults:3 | Reached skill level 4 in Stealth
 40044 | Vaults:3 | Reached skill level 5 in Stealth
 40734 | Vaults:3 | Reached skill level 6 in Stealth
 40920 | Vaults:3 | Reached skill level 7 in Stealth
 41005 | Vaults:3 | Identified a scroll of acquirement
 41040 | Vaults:3 | Acquired a manual of Evocations
 41209 | Vaults:3 | Reached XP level 23. HP: 158/186 MP: 0/0
 41209 | Vaults:3 | Learned a level 8 spell: Discord
 41281 | Vaults:3 | Reached skill level 5 in Armour
 41561 | Vaults:3 | Found a staircase to the Crypt.
 41567 | Vaults:3 | Found Lehuec's Weapon Boutique.
 41657 | Vaults:4 | Reached skill level 8 in Stealth
 41661 | Vaults:4 | Identified the orb "Poosyal" {light, rF- Int+8 Dex-2}
 41661 | Vaults:4 | Noticed Frederick
 41669 | Vaults:4 | Killed Frederick
 41676 | Vaults:4 | Reached skill level 6 in Armour
 41943 | Vaults:4 | Noticed Zenata
 41947 | Vaults:4 | Killed Zenata
 42065 | Vaults:4 | Found Copp's Magic Scroll Emporium.
 42072 | Vaults:4 | Reached skill level 7 in Armour
 42072 | Vaults:4 | Reached skill level 9 in Stealth
 42313 | Vaults:4 | Found the +0 pair of fencer's gloves {Riposte Dex+3}
 42318 | Vaults:4 | Found a transporter.
 42523 | Vaults:4 | Found a transporter.
 42600 | Vaults:4 | Identified the +7 plate armour "Coesk" {Dex+5}
 42630 | Vaults:4 | Reached skill level 8 in Armour
 43188 | Elf:3    | Entered Level 3 of the Elven Halls
 43204 | Elf:3    | Reached skill level 9 in Armour
 43221 | Elf:3    | Reached skill level 10 in Stealth
 43378 | Elf:3    | Reached skill level 10 in Armour
 43547 | Elf:3    | Identified the +3 scimitar "Rovamm" {speed, Int+3}
 43570 | Elf:3    | Reached skill level 11 in Armour
 43649 | Elf:3    | Identified the Grimoire of the Serac and Sparks
 43677 | Elf:3    | Identified the Encyclopedia of the Hindering Throng
 43884 | Elf:3    | Noticed Nikola
 43889 | Elf:3    | Killed Nikola
 43890 | Elf:3    | Reached skill level 11 in Stealth
 44078 | Elf:3    | Identified the amulet "Zybrol" {Fly rF+ rC+ Regen+}
 44189 | Elf:3    | Identified the +0 leather armour "Lawkuclo" {rElec Str+5}
 44194 | Elf:3    | Identified the +2 dagger "Osikuuq" {drain, +Blink rPois
                  | rC+}
 44194 | Elf:3    | Identified the Directory of the Conflagrant Volley
 44476 | Depths:1 | Entered Level 1 of the Depths
 44476 | Depths:1 | Found a runed translucent door.
 44479 | Depths:1 | Reached XP level 24. HP: 175/188 MP: 0/0
 44480 | Depths:1 | Reached skill level 12 in Armour
 44591 | Depths:1 | Reached skill level 13 in Armour
 44603 | Depths:1 | Reached skill level 14 in Armour
 44873 | Depths:1 | Noticed an ancient lich
 44873 | Depths:1 | Identified Ahis's Papyrus of Ruinous Accelerants
 44879 | Depths:1 | Killed an ancient lich
 44880 | Depths:1 | Reached skill level 15 in Armour
 45288 | Depths:1 | Reached skill level 21 in Spellcasting
 45288 | Depths:1 | Reached skill level 21 in Conjurations
 45288 | Depths:1 | Reached skill level 21 in Hexes
 45288 | Depths:1 | Reached skill level 21 in Summonings
 45288 | Depths:1 | Reached skill level 21 in Necromancy
 45288 | Depths:1 | Reached skill level 21 in Translocations
 45288 | Depths:1 | Reached skill level 21 in Fire Magic
 45288 | Depths:1 | Reached skill level 21 in Ice Magic
 45288 | Depths:1 | Reached skill level 21 in Air Magic
 45288 | Depths:1 | Reached skill level 21 in Earth Magic
 45288 | Depths:1 | Reached skill level 21 in Alchemy
 45486 | Depths:1 | Found a gateway to Hell.
 45496 | Depths:1 | Found the +2 ratskin cloak {*Rats rPois rN+ Str-1 Int-1
                  | Dex+1}
 46096 | Depths:2 | Found a one-way gate leading to the halls of Pandemonium.
 46217 | Depths:2 | Noticed Norris
 46218 | Depths:2 | Noticed dialectric's ghost (adept MiFi)
 46219 | Depths:2 | Noticed a juggernaut
 46226 | Depths:2 | Killed Norris
 46319 | Depths:2 | Found a runed translucent gate.
 46319 | Depths:2 | Found a runed translucent gate.
 46320 | Depths:2 | Found a runed translucent gate.
 46630 | Depths:2 | Found a transporter.
 46654 | Depths:2 | Reached XP level 25. HP: 166/191 MP: 0/0
 46654 | Depths:2 | Learned a level 9 spell: Chain Lightning
 46961 | Depths:2 | Found a transporter.
 46962 | Depths:2 | Identified the amulet "Yradil" {Spirit -Tele rElec rF++
                  | rCorr}
 47200 | Depths:2 | Killed a juggernaut
 47240 | Depths:2 | Killed dialectric's ghost
 47367 | Depths:2 | Reached skill level 16 in Armour
 47373 | Depths:2 | Reached skill level 22 in Spellcasting
 47373 | Depths:2 | Reached skill level 22 in Conjurations
 47373 | Depths:2 | Reached skill level 22 in Hexes
 47373 | Depths:2 | Reached skill level 22 in Summonings
 47373 | Depths:2 | Reached skill level 22 in Necromancy
 47373 | Depths:2 | Reached skill level 22 in Translocations
 47373 | Depths:2 | Reached skill level 22 in Fire Magic
 47373 | Depths:2 | Reached skill level 22 in Ice Magic
 47373 | Depths:2 | Reached skill level 22 in Air Magic
 47373 | Depths:2 | Reached skill level 22 in Earth Magic
 47373 | Depths:2 | Reached skill level 22 in Alchemy
 47587 | Depths:2 | Identified the ring of Tuathili {Fly rElec Will+ Int+6}
 48057 | Depths:3 | Found an ornate altar of the Wu Jian Council.
 48200 | Depths:3 | Reached skill level 17 in Armour
 48251 | Depths:3 | Found a one-way gateway to a ziggurat.
 48486 | Depths:3 | Found a one-way gate to the infinite horrors of the Abyss.
 48496 | Depths:4 | Entered Level 4 of the Depths
 48606 | Depths:4 | Found a snail-covered altar of Cheibriados.
 48871 | Depths:4 | Found a gate to the Realm of Zot.
 48877 | Depths:4 | Reached skill level 18 in Armour
 49512 | Crypt:1  | Entered Level 1 of the Crypt
 49817 | Crypt:1  | Noticed Donald
 49823 | Crypt:1  | Killed Donald
 49885 | Crypt:1  | Identified the ring "Qyllun" {Ice MP-9 Int+4 Dex+9 Slay-6}
 49885 | Crypt:1  | Noticed Josephina
 49897 | Crypt:1  | Killed Josephina
 49950 | Crypt:1  | Noticed a curse skull
 49953 | Crypt:1  | Killed a curse skull
 49988 | Crypt:1  | Noticed Grunn
 49992 | Crypt:1  | Killed Grunn
 50010 | Crypt:1  | Reached XP level 26. HP: 74/199 MP: 0/0
 50242 | Crypt:1  | Identified the Tome of Left-Handed Ceremonies
 50662 | Crypt:1  | Noticed a curse skull
 50672 | Crypt:1  | Killed a curse skull
 51283 | Crypt:2  | Noticed a curse skull
 51286 | Crypt:2  | Killed a curse skull
 51633 | Crypt:3  | Entered Level 3 of the Crypt
 51640 | Crypt:3  | Noticed a curse skull
 51643 | Crypt:3  | Killed a curse skull
 51854 | Crypt:3  | Found a staircase to the Tomb.
 51988 | Crypt:3  | Reached skill level 19 in Armour
 52283 | Crypt:3  | Found a basalt altar of Yredelemnul.
 52401 | Crypt:3  | Identified the +0 plate armour "Pelicid" {*Slow rElec rN+
                  | MP+9}
 52401 | Crypt:3  | Identified the ring "Ypsaf" {rElec rPois Str-4 Int+6}
 52670 | Crypt:3  | Reached skill level 20 in Armour
 52871 | Crypt:3  | Identified Kikubaaqudgha's Catalogue of the Grave
 53020 | Crypt:3  | Upgraded the game from 0.31-a0-1589-g8f5e8aebd6 to
                  | 0.31-a0-1611-g890cdf5628
 53140 | Vaults:5 | Entered Level 5 of the Vaults
 53140 | Vaults:5 | Noticed Saint Roka
 53144 | Vaults:5 | Reached XP level 27. HP: 189/205 MP: 0/0
 53144 | Vaults:5 | Learned a level 9 spell: Death's Door
 53144 | Vaults:5 | Killed Saint Roka
 53166 | Vaults:5 | Reached skill level 21 in Armour
 53174 | Vaults:5 | Found Joamucod's Antique Armour Shoppe.
 53187 | Vaults:5 | Noticed an ancient lich
 53195 | Vaults:5 | Killed an ancient lich
 53331 | Vaults:5 | Found Setou's Antique Armour Boutique.
 53339 | Vaults:5 | Bought a spiked plate armour for 1120 gold pieces
 53339 | Vaults:5 | Identified the +0 plate armour "Pomp" {rN+ Dex+3} (You
                  | bought it in a shop on level 5 of the Vaults)
 53345 | Vaults:5 | Bought a smoking plate armour for 1064 gold pieces
 53345 | Vaults:5 | Identified the +7 plate armour of Defiance {rC++} (You
                  | bought it in a shop on level 5 of the Vaults)
 53356 | Vaults:5 | Reached skill level 22 in Armour
 53464 | Vaults:5 | Identified the +1 halberd "Gum Ruyq Oth" {spect, ^Drain rF+
                  | rC+}
 53958 | Vaults:5 | Reached skill level 23 in Armour
 54076 | Vaults:5 | Noticed an ancient lich
 54076 | Vaults:5 | Identified the ring of Curiosity {Wiz rC+}
 54099 | Vaults:5 | Killed an ancient lich
 54470 | Vaults:5 | Got a silver rune of Zot
 54518 | Vaults:5 | Identified the +3 spear of the Lurker {venom, rF- Int+5
                  | Dex+9}
 55302 | Zot:1    | Entered Level 1 of the Realm of Zot
 55406 | Zot:1    | Reached skill level 24 in Armour
 55571 | Zot:1    | Noticed a curse toe
 55684 | Zot:1    | Killed a curse toe
 56995 | Zot:1    | Reached skill level 14 in Dodging
 57021 | Zot:1    | Reached skill level 14 in Evocations
 57164 | Zot:2    | Noticed an orb of fire
 57164 | Zot:2    | Gained mutation: Your natural rate of healing is unusually
                  | fast. [an orb of fire]
 57167 | Zot:2    | Killed an orb of fire
 57268 | Zot:2    | Reached skill level 15 in Evocations
 57365 | Zot:2    | Noticed an electric golem
 57372 | Zot:2    | Killed an electric golem
 57415 | Zot:2    | Reached skill level 15 in Dodging
 57519 | Zot:2    | Reached skill level 16 in Evocations
 57519 | Zot:2    | Noticed a Killer Klown
 57526 | Zot:2    | Killed a Killer Klown
 57630 | Zot:2    | Identified the ring "Qohef" {Fly Str+4 SInv}
 58138 | Zot:3    | Reached skill level 17 in Evocations
 58181 | Zot:3    | Reached skill level 16 in Dodging
 58250 | Zot:3    | Noticed a curse toe
 58251 | Zot:3    | Noticed an electric golem
 58253 | Zot:3    | Killed a curse toe
 58255 | Zot:3    | Killed an electric golem
 58294 | Zot:3    | Identified Sif Muna's Grimoire of Poisonous Company
 58719 | Zot:3    | Reached skill level 17 in Dodging
 59214 | Zot:4    | Identified the +7 flail of the Boar {flame, *Slow rPois rF+
                  | Int+3}
 59222 | Zot:4    | Reached skill level 18 in Dodging
 59619 | Zot:5    | Entered Level 5 of the Realm of Zot
 59864 | Zot:4    | Reached skill level 19 in Dodging
 60320 | Zot:5    | Noticed a Killer Klown
 60322 | Zot:5    | Killed a Killer Klown
 60361 | Zot:5    | Noticed an electric golem
 60365 | Zot:5    | Killed an electric golem
 60425 | Zot:5    | Noticed an orb of fire
 60428 | Zot:5    | Noticed an ancient lich
 60429 | Zot:5    | Reached skill level 20 in Dodging
 60430 | Zot:5    | Killed an orb of fire
 60431 | Zot:5    | Killed an ancient lich
 60486 | Zot:5    | Noticed an orb of fire
 60487 | Zot:5    | Gained mutation: You are clumsy. (Dex -2) [an orb of fire]
 60492 | Zot:5    | Killed an orb of fire
 60670 | Zot:5    | Noticed a dread lich
 60674 | Zot:5    | Killed a dread lich
 60675 | Zot:5    | Reached skill level 21 in Dodging
 60709 | Zot:5    | Noticed an electric golem
 60718 | Zot:5    | Killed an electric golem
 60746 | Zot:5    | Noticed an ancient lich
 60751 | Zot:5    | Killed an ancient lich
 60916 | Zot:5    | Reached skill level 22 in Dodging
 60951 | Zot:5    | Noticed an ancient lich
 60955 | Zot:5    | Killed an ancient lich
 60978 | Zot:5    | Noticed an ancient lich
 60984 | Zot:5    | Killed an ancient lich
 60994 | Zot:5    | Noticed a Killer Klown
 61007 | Zot:5    | Killed a Killer Klown
 61009 | Zot:5    | Noticed a dread lich
 61014 | Zot:5    | Killed a dread lich
 61063 | Zot:5    | Got the Orb of Zot
 61504 | D:5      | Reached skill level 23 in Dodging
 61644 | D:$      | Escaped with the Orb!

Vanquished Creatures
  2 dread liches (Zot:5)
  Frederick (Vaults:4)
  6 ancient liches
  3 orbs of fire
  A juggernaut (Depths:2)
  3 Killer Klowns
  Josephina (Crypt:1)
  Saint Roka (Vaults:5)
  13 golden dragons
  2 curse toes
  Nikola (Elf:3)
  Norris (Depths:2)
  A bone dragon (Depths:4)
  A Tzitzimitl (Crypt:1)
  A doom hound (Crypt:1)
  A Cloud Mage (WizLab)
  4 electric golems
  Asterion (Vaults:2)
  17 tentacled monstrosities
  The ghost of dialectric the Shatterer, an adept MiFi of Jiyva (Depths:2)
  Zenata (Vaults:4)
  Grunn (Crypt:1)
  3 liches
  13 quicksilver dragons
  7 titans (Vaults:5)
  25 Orb Guardians
  A walking earthen tome (Depths:2)
  2 deep elf blademasters (Elf:3)
  2 deep elf master archers (Elf:3)
  4 sphinxes
  3 ancient champions
  A walking frostbound tome (Depths:3)
  3 krakens
  9 death cobs
  An acid blob (Depths:1)
  Polyphemus (Shoals:3)
  13 shadow dragons
  Aizul (Vaults:1)
  10 storm dragons
  2 rockslimes (Depths:1)
  10 tengu reavers
  Donald (Crypt:1)
  3 nagarajas (Snake:4)
  5 revenants
  Ilsuiw (Shoals:3)
  8 draconian monks
  2 azure jellies
  6 protean progenitors
  13 draconian knights
  11 fire giants
  An iron dragon (Vaults:5)
  A balrug (Depths:3)
  8 frost giants
  9 draconian shifters
  10 draconian scorchers
  17 vault wardens
  4 curse skulls
  5 deep elf sorcerers
  3 ghost moths
  3 deep elf elementalists (Elf:3)
  16 ironbound preservers
  5 draconian stormcallers
  An orc warlord (Vaults:2)
  8 draconian annihilators
  A demonspawn blood saint (D:3)
  2 spriggan defenders
  5 ironbound thunderhulks
  14 vampire knights
  11 stone giants
  Nessos (D:13)
  A formless jellyfish (Vaults:1)
  2 very ugly things
  A putrid mouth (Crypt:1)
  5 deep elf death magi
  A demonspawn black sun (D:3)
  6 deep elf demonologists
  6 green draconians
  12 purple draconians
  A lorocyproca (Zot:5)
  4 war gargoyles (Vaults:5)
  9 deep elf annihilators
  12 yellow draconians
  14 red draconians
  13 black draconians
  5 dire elephants
  18 white draconians
  4 spark wasps
  A crystal guardian (Vaults:4)
  5 eidola
  16 ettins
  5 blizzard demons
  3 merfolk javelineers
  A mummy priest (Crypt:1)
  9 merfolk impalers
  3 fire dragons
  4 deep elf high priests
  An entropy weaver (shapeshifter) (D:15)
  16 yaktaur captains
  5 entropy weavers
  7 jiangshi
  A spriggan zombie (Crypt:1)
  29 vault guards
  7 rakshasas
  2 peacekeepers (Vaults:4)
  8 ice dragons
  Erolcha (D:13)
  An anaconda (Zot:3)
  7 great orbs of eyes
  3 ghost crabs (WizLab)
  2 hell beasts
  7 hydras
  3 ironbound frosthearts
  2 catoblepae
  12 spriggan air magi
  13 boulder beetles
  12 naga warriors
  2 alligator snapping turtles
  5 ogre magi
  18 centaur warriors
  5 merfolk aquamancers
  2 death knights
  3 hell hogs (D:5)
  4 merfolk avatars
  5 two-headed ogres
  2 deep troll shamans
  2 satyrs
  A spectral stone giant (Crypt:1)
  4 dancing weapons
  4 tengu warriors
  5 deep troll earth magi
  6 orc high priests
  17 death yaks
  A hell knight (Vaults:5)
  3 spriggans
  An occultist (D:15)
  Nergalle (Lair:3)
  10 vampire magi
  4 deep elf knights
  A titan zombie (Crypt:1)
  3 spriggan berserkers
  A sun demon (Depths:2)
  6 naga sharpshooters
  6 shock serpents
  3 soul eaters
  5 skysharks
  2 fire crabs (D:15)
  22 skeletal warriors
  2 goliath frogs (Zot:5)
  3 iron trolls
  A sixfirhy (D:5)
  A shadow wraith (Vaults:5)
  A spectral spark wasp (Depths:3)
  2 death drakes (WizLab)
  A shadow demon (Zot:5)
  2 mana vipers
  A flayed ghost (Crypt:2)
  3 naga ritualists
  19 sea snakes
  An obsidian statue (IceCv)
  31 deep trolls
  3 arcanists
  2 salamander mystics
  A bog body (IceCv)
  4 spriggan simulacra
  3 glowing orange brains
  A lindwurm (shapeshifter) (D:14)
  17 ironbound convokers
  3 necromancers
  4 lindwurms
  3 deep elf archers
  27 phantasmal warriors
  A wolf spider (D:14)
  21 harpies
  3 orc sorcerers
  8 deep elf zephyrmancers
  11 deep elf pyromancers
  9 orc knights
  18 ugly things
  5 fauns
  A shadow dragon skeleton (Depths:1)
  A fire giant zombie (Depths:1)
  A salamander (shapeshifter) (Vaults:5)
  17 manticores
  8 salamanders
  13 cyclopes
  2 dire elephant zombies (Crypt:3)
  11 elephants
  22 moths of wrath
  A meliai (shapeshifter) (D:12)
  An apocalypse crab (WizLab)
  A toenail golem (D:9)
  7 merfolk sirens
  3 guardian serpents
  A centaur zombie (Crypt:3)
  15 naga magi
  14 vault sentinels
  4 water nymphs
  An ice statue (D:10)
  A mana viper zombie (Crypt:1)
  2 stone giant skeletons
  An alligator snapping turtle zombie (Crypt:2)
  21 black mambas
  3 unseen horrors
  A smoke demon (Zot:5)
  7 gargoyles
  A hellion (Depths:2)
  7 komodo dragons
  A shock serpent skeleton (Crypt:1)
  22 yaktaurs
  2 kobold demonologists
  10 cane toads
  An efreet (D:15)
  3 rime drakes
  14 ice devils (IceCv)
  2 tormentors
  14 freezing wraiths
  A golden dragon simulacrum (IceCv)
  4 tengu conjurers
  A minotaur skeleton (Crypt:1)
  2 harpy zombies (Crypt:3)
  A black draconian skeleton (Crypt:3)
  11 trolls
  A yaktaur skeleton (Vaults:3)
  2 alligator simulacra (IceCv)
  A catoblepas skeleton (Crypt:2)
  A hellwing (Zot:5)
  2 polar bears (Lair:5)
  A merfolk (shapeshifter) (Vaults:4)
  A glass eye (Depths:2)
  A wolf spider simulacrum (D:15)
  33 merfolk
  A tarantella (Vaults:2)
  7 hornets
  4 wind drakes
  A fire giant simulacrum (Depths:1)
  8 blink frogs
  A frost giant simulacrum (Depths:1)
  A radroach zombie (Crypt:3)
  15 dream sheep
  A stone giant simulacrum (Depths:1)
  A slime creature (shapeshifter) (Vaults:5)
  6 snapping turtles
  2 shadows (D:12)
  9 air elementals
  18 slime creatures
  A spriggan (shapeshifter) (D:14)
  4 wyverns
  A basilisk (shapeshifter) (D:15)
  2 dire elephant simulacra
  37 yaks
  10 water elementals
  A fire dragon skeleton (Crypt:2)
  6 wraiths
  A ynoxinul (D:10)
  2 basilisks
  6 fire elementals
  10 minotaur simulacra (IceCv)
  3 wargs (Orc:2)
  2 vampire mosquitoes (D:12)
  3 steam dragons
  2 redbacks
  A wind drake skeleton (Crypt:1)
  A deep troll zombie (Crypt:2)
  22 nagas
  10 water moccasins
  A human zombie (Depths:1)
  An acid dragon (D:13)
  3 harpy simulacra (IceCv)
  A hell hound (D:15)
  3 hydra simulacra
  A two-headed ogre skeleton (Crypt:1)
  2 meliai simulacra
  20 orc warriors
  A hornet zombie (Crypt:2)
  A black bear (D:5)
  3 ice beasts
  A sky beast (D:8)
  A glowing shapeshifter skeleton (Crypt:3)
  An ettin simulacrum (IceCv)
  6 wolves (Lair:1)
  8 boggarts (Vaults:2)
  13 laughing skulls
  A tengu (Lair:3)
  A swamp dragon skeleton (Crypt:1)
  4 centaurs
  A manticore skeleton (Crypt:2)
  4 ogres
  A lindwurm skeleton (Crypt:3)
  3 phantoms
  4 kobold brigands (D:11)
  2 brain worms (Sewer)
  13 bullfrogs
  6 deep troll simulacra (IceCv)
  3 scorpions
  A water moccasin zombie (D:5)
  3 wights (D:9)
  13 killer bees
  A queen bee zombie (Crypt:3)
  2 lindwurm simulacra (IceCv)
  A troll skeleton (Crypt:1)
  An electric eel (Lair:2)
  3 howler monkeys
  A bullfrog zombie (D:5)
  3 lava snakes (Lair:3)
  2 jellies
  A basilisk zombie (Crypt:1)
  6 hounds
  A bombardier beetle (D:6)
  30 orc priests
  A gnoll bouda (D:5)
  2 iguanas (D:6)
  2 sleepcaps
  23 orc wizards
  A boggart skeleton (Crypt:3)
  7 hell rats (Lair:5)
  A tengu skeleton (Crypt:1)
  16 adders
  8 gnolls (D:5)
  4 river rats
  A steam dragon zombie (Crypt:3)
  2 shadow imps (D:6)
  A white imp (D:8)
  4 ufetubi
  A jelly zombie (Crypt:1)
  2 iguana skeletons
  6 dart slugs
  39 orcs
  5 bats
  7 endoplasms
  4 giant cockroaches
  15 goblins
  6 hobgoblins
  6 jackals
  5 quokkas
  6 ball pythons
  10 frilled lizards
  9 kobolds
  2 rats
  8 aspiring fleshes
  2 foxfires (Orc:2)
  A spectral weapon (Vaults:2)
  2 tentacles (Shoals:4)
1904 creatures vanquished.

Vanquished Creatures (collateral kills)
  An ancient lich (Depths:1)
  A bone dragon (Depths:4)
  A doom hound (Crypt:1)
  3 tentacled monstrosities
  4 sphinxes
  4 acid blobs (Depths:1)
  A revenant (Crypt:2)
  A storm dragon (Depths:4)
  3 nagarajas (Snake:4)
  A frost giant (Depths:2)
  2 azure jellies (Depths:1)
  A rockslime (Depths:1)
  2 fire giants
  A vault warden (Vaults:1)
  A deep elf sorcerer (Depths:1)
  2 spriggan defenders (Depths:2)
  A reaper (Crypt:1)
  An ironbound thunderhulk (Vaults:2)
  A very ugly thing (Depths:3)
  2 deep elf demonologists
  6 ironbound preservers
  4 stone giants
  3 vampire knights
  A black draconian (Depths:4)
  A green draconian (Depths:4)
  3 deep elf death magi
  4 deep elf annihilators
  Azrael (D:15)
  2 dire elephants (Vaults:1)
  2 spark wasps
  2 blizzard demons (WizLab)
  A crystal guardian (D:15)
  2 jiangshi
  2 yaktaur captains (Vaults:4)
  A merfolk impaler (Shoals:4)
  2 great orbs of eyes
  An entropy weaver (Vaults:2)
  A fire dragon (Depths:2)
  A salamander tyrant (Snake:3)
  A catoblepas (D:15)
  4 spriggan air magi
  4 merfolk avatars
  3 vault guards (Vaults:1)
  A jorogumo (shapeshifter) (D:15)
  2 ogre magi (Depths:1)
  3 anacondas
  2 boulder beetles (D:15)
  A centaur warrior (Vaults:1)
  3 merfolk aquamancers (Shoals:4)
  A satyr (Shoals:4)
  3 tengu warriors
  9 naga warriors
  2 deep troll shamans
  7 deep troll earth magi
  A vampire mage (Crypt:3)
  2 naga sharpshooters
  5 dancing weapons
  An occultist (Depths:1)
  8 shock serpents
  An orc high priest (Elf:3)
  3 spriggan berserkers
  A deep elf knight (D:15)
  2 fire crabs (D:15)
  6 hell knights (Depths:1)
  2 skysharks
  4 iron trolls (Depths:1)
  3 salamander mystics (Snake:4)
  9 sea snakes
  11 skeletal warriors
  2 flayed ghosts
  6 arcanists
  3 ironbound convokers
  7 phantasmal warriors (Crypt:3)
  5 mana vipers
  2 naga ritualists
  16 deep trolls
  3 deep elf archers
  A necromancer (Vaults:4)
  2 glowing orange brains
  10 deep elf pyromancers
  An orc knight (Vaults:2)
  A spriggan simulacrum (Crypt:1)
  9 deep elf zephyrmancers
  2 fauns (Shoals:3)
  8 harpies
  17 salamanders
  9 ugly things
  A wolf spider (shapeshifter) (Depths:4)
  A black mamba (shapeshifter) (D:15)
  6 vault sentinels
  A manticore (Shoals:4)
  A torpor snail (shapeshifter) (Depths:2)
  2 rust devils (D:15)
  19 black mambas
  A merfolk siren (Shoals:4)
  8 guardian serpents
  3 naga magi
  A molten gargoyle (D:15)
  A water nymph (Shoals:3)
  3 gargoyles (D:15)
  An efreet (D:15)
  9 yaktaurs
  A yaktaur (shapeshifter) (Depths:1)
  A tengu conjurer (Depths:2)
  A yaktaur skeleton (Vaults:3)
  13 merfolk
  5 wind drakes
  A hornet (Depths:4)
  3 snapping turtles
  A raiju (D:15)
  21 slime creatures
  A spriggan (Depths:4)
  3 air elementals
  4 water elementals
  10 wraiths (Crypt:3)
  A basilisk (D:15)
  3 redbacks (Vaults:4)
  23 nagas
  A human zombie (Vaults:3)
  A naga skeleton (Crypt:1)
  4 orc warriors (Elf:3)
  10 laughing skulls
  2 boggarts (Vaults:4)
  A polar bear zombie (Crypt:2)
  An orc priest (Elf:3)
  2 orcs
  5 foxfires
  A tentacle (Shoals:1)
461 creatures vanquished.

Vanquished Creatures (others)
  A rockslime (Depths:1)
  An azure jelly (Depths:1)
  A frost giant (Depths:2)
  A deep elf elementalist (Elf:3)
  6 vampire knights
  A spark wasp (Depths:2)
  A war gargoyle (Vaults:4)
  A red draconian (Depths:4)
  2 ettins
  A merfolk javelineer (Shoals:4)
  2 fire dragons (Depths:2)
  A deep elf high priest (Elf:3)
  An ice dragon (Depths:2)
  A centaur warrior (Vaults:1)
  An anaconda (Snake:3)
  2 deep troll earth magi
  A tengu warrior (Depths:1)
  A deep elf knight (Elf:3)
  A shock serpent (Snake:4)
  A soul eater (Crypt:1)
  2 hell knights (Depths:1)
  A shadow wraith (Crypt:1)
  A deep troll (Vaults:4)
  A skeletal warrior (Crypt:1)
  2 flayed ghosts (Crypt:1)
  A phantasmal warrior (Depths:3)
  A necromancer (Vaults:3)
  3 ugly things (Vaults:4)
  A faun (Shoals:3)
  A salamander (Snake:4)
  4 yaktaurs (Vaults:4)
  A jumping spider (Vaults:4)
  3 slime creatures
  A centaur simulacrum (D:14)
  A water elemental (D:15)
  A wraith (Crypt:3)
  A meliai simulacrum (D:15)
  A sky beast (shapeshifter) (D:14)
  A boggart (Vaults:4)
  6 laughing skulls
  1797 foxfires
  13 tentacles
1872 creatures vanquished.

Grand Total: 4237 creatures vanquished

Table legend: (Time is in decaauts)
 A = Elapsed time spent in this place.
 B = Non-inter-level travel time spent in this place.
 C = Inter-level travel time spent in this place.
 D = Time resting spent in this place.
 E = Time spent auto-exploring this place.
 F = Levels seen in this place.
 G = Mean time per level.
                   A        B        C        D        E       F      G
               +--------+--------+--------+--------+--------+-----+--------+
         Total |  61698 |  56480 |   5218 |   7412 |  34113 |  53 | 1164.1 |
       Dungeon |  16903 |  14647 |   2256 |   1331 |   9988 |  15 | 1126.9 |
          Lair |   6565 |   5953 |    612 |    701 |   3462 |   5 | 1313.0 |
        Shoals |   4917 |   4748 |    169 |    397 |   3247 |   4 | 1229.2 |
     Snake Pit |   4134 |   3888 |    246 |    637 |   1899 |   4 | 1033.5 |
  Orcish Mines |   1447 |   1171 |    276 |    161 |    603 |   2 |  723.5 |
   Elven Halls |   2784 |   2534 |    250 |    160 |   1686 |   3 |  928.0 |
        Vaults |   8452 |   7728 |    724 |   1088 |   4440 |   5 | 1690.4 |
         Crypt |   3559 |   3471 |     88 |    335 |   2408 |   3 | 1186.3 |
        Depths |   5558 |   5168 |    390 |   1319 |   2804 |   4 | 1389.5 |
           Zot |   5394 |   5191 |    203 |    993 |   2728 |   5 | 1078.8 |
         Sewer |    408 |    408 |      0 |     55 |    241 |   1 |  408.0 |
      Ice Cave |    927 |    927 |      0 |     79 |    403 |   1 |  927.0 |
        Wizlab |    645 |    645 |      0 |    156 |    204 |   1 |  645.0 |
               +--------+--------+--------+--------+--------+-----+--------+

Top non-repeatable levels by time:
    D:11: 2047 daAuts
Vaults:5: 1868 daAuts
Depths:2: 1837 daAuts
Vaults:3: 1780 daAuts
Vaults:2: 1779 daAuts
    D:14: 1715 daAuts
Vaults:1: 1714 daAuts
  Lair:5: 1629 daAuts
     D:6: 1550 daAuts
    D:13: 1547 daAuts
Shoals:4: 1523 daAuts
Depths:4: 1401 daAuts
 Crypt:3: 1396 daAuts
  Lair:2: 1391 daAuts
 Crypt:1: 1381 daAuts

Table legend:
 A = Non-vault XP
 B = Vault XP
 C = Vault XP percentage of total XP
 D = Non-vault monster count
 E = Vault monster count
 F = Vault count percentage of total count
                 A         B        C        D         E       F
            +---------+---------+-------+---------+---------+-------
      Total |  798966 |  754959 |  48.6 |    1376 |     986 |  41.7
            +---------+---------+-------+---------+---------+-------
        D:1 |      53 |       0 |   0.0 |      32 |       0 |   0.0
        D:2 |      36 |       4 |  10.0 |      11 |       2 |  15.4
        D:3 |     106 |      31 |  22.6 |      14 |       5 |  26.3
        D:4 |     178 |      92 |  34.1 |      16 |       6 |  27.3
        D:5 |     511 |     271 |  34.7 |      19 |       4 |  17.4
        D:6 |     820 |    1376 |  62.7 |      15 |      10 |  40.0
        D:7 |    1272 |       0 |   0.0 |      18 |       0 |   0.0
        D:8 |    1210 |       0 |   0.0 |      19 |       0 |   0.0
        D:9 |    4288 |       0 |   0.0 |      22 |       0 |   0.0
       D:10 |    1326 |     442 |  25.0 |       8 |       1 |  11.1
       D:11 |    5129 |   13442 |  72.4 |      19 |      21 |  52.5
       D:12 |    5409 |    5654 |  51.1 |      12 |      14 |  53.8
       D:13 |    3447 |    7127 |  67.4 |      12 |       9 |  42.9
       D:14 |    8927 |    9633 |  51.9 |      15 |      18 |  54.5
       D:15 |     693 |   30524 |  97.8 |       1 |      58 |  98.3
     Lair:1 |    9136 |    1550 |  14.5 |      26 |       7 |  21.2
     Lair:2 |    7584 |     466 |   5.8 |      25 |       1 |   3.8
     Lair:3 |    1586 |    3206 |  66.9 |       5 |       8 |  61.5
     Lair:4 |    5535 |    1894 |  25.5 |      17 |       5 |  22.7
     Lair:5 |   12674 |    7989 |  38.7 |      38 |      19 |  33.3
   Shoals:1 |    7782 |    5415 |  41.0 |      12 |      12 |  50.0
   Shoals:2 |   21736 |       0 |   0.0 |      44 |       0 |   0.0
   Shoals:3 |   22524 |    9140 |  28.9 |      44 |      10 |  18.5
   Shoals:4 |   16842 |   20758 |  55.2 |      32 |      35 |  52.2
    Snake:1 |   12305 |    1992 |  13.9 |      23 |       3 |  11.5
    Snake:2 |   13377 |       0 |   0.0 |      27 |       0 |   0.0
    Snake:3 |   31062 |    1294 |   4.0 |      66 |       2 |   2.9
    Snake:4 |   23023 |   25497 |  52.5 |      46 |      39 |  45.9
      Orc:1 |    2349 |       0 |   0.0 |      22 |       0 |   0.0
      Orc:2 |    3269 |    6549 |  66.7 |      19 |      57 |  75.0
      Elf:1 |   12817 |    6287 |  32.9 |      21 |      10 |  32.3
      Elf:2 |   10254 |    1641 |  13.8 |      16 |       2 |  11.1
      Elf:3 |    9708 |   30722 |  76.0 |      24 |      26 |  52.0
   Vaults:1 |   31710 |   20854 |  39.7 |      45 |      26 |  36.6
   Vaults:2 |   20766 |   24205 |  53.8 |      34 |      36 |  51.4
   Vaults:3 |   23889 |   34677 |  59.2 |      34 |      43 |  55.8
   Vaults:4 |   25846 |   28957 |  52.8 |      44 |      40 |  47.6
   Vaults:5 |   14895 |  128188 |  89.6 |      21 |     113 |  84.3
    Crypt:1 |   16555 |   29052 |  63.7 |      30 |      30 |  50.0
    Crypt:2 |   21800 |       0 |   0.0 |      46 |       0 |   0.0
    Crypt:3 |   18471 |   44501 |  70.7 |      28 |      69 |  71.1
   Depths:1 |   35224 |   33068 |  48.4 |      57 |      30 |  34.5
   Depths:2 |   30994 |   37282 |  54.6 |      40 |      34 |  45.9
   Depths:3 |   27746 |   10080 |  26.6 |      30 |      10 |  25.0
   Depths:4 |   18923 |   16120 |  46.0 |      22 |      14 |  38.9
      Zot:1 |   76176 |    6218 |   7.5 |      64 |       6 |   8.6
      Zot:2 |   46411 |   24582 |  34.6 |      36 |      18 |  33.3
      Zot:3 |   55774 |       0 |   0.0 |      45 |       0 |   0.0
      Zot:4 |   24196 |       0 |   0.0 |      17 |       0 |   0.0
      Zot:5 |   52622 |   87182 |  62.4 |      43 |      35 |  44.9
      Sewer |       0 |     256 | 100.0 |       0 |      15 | 100.0
      IceCv |       0 |   15900 | 100.0 |       0 |      52 | 100.0
     WizLab |       0 |   20841 | 100.0 |       0 |      31 | 100.0
            +---------+---------+-------+---------+---------+-------
